 Dungeon Crawl Stone Soup version 0.27-a0-660-g90476cec82 (webtiles) character file.

Game seed: 12457790419567740550

35 theanonym the Vexing (level 3, -1/24 HPs)
             Began as a Mummy Enchanter on Mar 17, 2021.
             Slain by an adder (3 damage)
             ... on level 1 of the Dungeon.
             The game lasted 00:01:32 (1578 turns).

theanonym the Vexing (Mummy Enchanter)              Turns: 1578, Time: 00:01:33

Health: -1/24      AC:  6    Str: 12    XL:     3   Next: 17%
Magic:  7/7        EV:  9    Int: 14    God:
Gold:   53         SH:  0    Dex: 12    Spells: 6/7 levels left

rFire    x . .     SeeInvis .   e - +0 whip
rCold    + . .     Faith    .   (no shield)
rNeg     + + +     Spirit   .   h - +0 scale mail
rPois    ∞         Reflect  .   (no helmet)
rElec    .         Harm     .   (no cloak)
rCorr    .         Rampage  .   (no gloves)
Will     .....                  (no boots)
Stlth    +.........             (no amulet)
HPRegen  0.08/turn              (no ring)
MPRegen  0.10/turn              (no ring)

@: no status effects
A: cold resistance 1, negative energy resistance 3, torment resistance 2,
unbreathing 1, heat vulnerability 1, no potions
a: no special abilities


Innate Abilities, Weirdness & Mutations

You are immune to poison.
Your flesh is cold resistant. (rC+)
You are immune to negative energy. (rN+++)
You are immune to unholy pain and torment.
You can survive without breathing.
You are vulnerable to heat. (rF-)
You do not drink.


   Skills:
 - Level 1.7 Short Blades
 + Level 1.6 Maces & Flails
 - Level 1.5 Dodging
 - Level 2.4 Stealth
 - Level 2.6 Spellcasting
 - Level 2.6 Hexes


You had 6 spell levels left.
You knew the following spells:

 Your Spells              Type           Power      Damage    Failure   Level
a - Corona                Hex            10%        N/A       38%         1

Your spell library contained the following spells:

 Spells                   Type           Power      Damage    Failure   Level
 Ensorcelled Hibernation  Hex/Ice        10%        N/A       71%         2
 Confusing Touch          Hex            9%         N/A       77%         3
 Tukima's Dance           Hex            9%         N/A       77%         3
 Dazzling Flash           Conj/Hex       10%        N/A       91%         3

Skill      XL: |  1  2 |
---------------+-------+-----
Short Blades   | 1 |  1.7
Maces & Flails | 1 |  1.6
Dodging        | |  1.5
Stealth        | |  2.4
Spellcasting   | |  2.6
Hexes          | |  2.6

Action                   || total
-------------------------++-------
Melee: Dagger            ||    16
       Whip              ||   125
 Stab: Sleeping          ||     1
Armor: Scale mail        ||    66
       Ring mail         ||     4
Dodge: Dodged            ||    76

Inventory:

Hand Weapons
 e - a +0 whip (weapon)
Armour
 h - a +0 scale mail (worn)
Scrolls
 a - a scroll of random uselessness {unknown}
 c - a scroll of identify {unknown}
 d - a scroll of enchant weapon {unknown}
 g - a scroll of teleportation {unknown}


You were on level 1 of the Dungeon.
You visited 1 branch of the dungeon, and saw 2 of its levels.

You collected 53 gold pieces.

Dungeon Overview and Level Annotations

Branches:
Dungeon (2/15)

Altars:

###### #...[.
################.#.#.
#.†S@..........#.#.#.
#.############.#.#..#
#.# ##.#.#.## #.#
#.......# #.#
#.†#.[... #.#
#..###.#. #.#
#..###.#. #.#
###......#. #.#
#...######.


You could see an adder.

Notes
Turn   | Place    | Note
-------+----------+-------------------------------------------
     0 | D:1      | theanonym the Mummy Enchanter began the quest for the Orb.
     0 | D:1      | Reached XP level 1. HP: 13/13 MP: 4/4
   113 | D:1      | Reached skill level 1 in Short Blades
   178 | D:1      | Reached XP level 2. HP: 17/19 MP: 5/5
   214 | D:1      | HP: 8/19 [kobold/+0 whip (7)]
   672 | D:1      | Reached skill level 1 in Maces & Flails
  1021 | D:1      | HP: 8/19 [hobgoblin/+0 club (2)]
  1023 | D:1      | Reached XP level 3. HP: 9/24 MP: 7/7
  1556 | D:1      | HP: 10/24 [adder (4)]
  1563 | D:1      | HP: 3/24 [adder (4)]
  1568 | D:1      | HP: 3/24 [adder (1)]
  1575 | D:1      | HP: 1/24 [adder (1)]
  1578 | D:1      | Slain by an adder

Vanquished Creatures
  An ooze (D:1)
  A dart slug (D:1)
  A leopard gecko (D:1)
  4 goblins (D:1)
  4 hobgoblins (D:1)
  2 kobolds (D:1)
  2 ball pythons (D:1)
  6 bats (D:1)
  2 frilled lizards (D:1)
  6 rats (D:1)
29 creatures vanquished.

Table legend: (Time is in decaauts)
 A = Elapsed time spent in this place.
 B = Non-inter-level travel time spent in this place.
 C = Inter-level travel time spent in this place.
 D = Time resting spent in this place.
 E = Time spent auto-exploring this place.
 F = Levels seen in this place.
 G = Mean time per level.
                   A        B        C        D        E       F      G
               +--------+--------+--------+--------+--------+-----+--------+
         Total |   1581 |   1558 |     23 |    538 |    772 |   2 |  790.5 |
       Dungeon |   1581 |   1558 |     23 |    538 |    772 |   2 |  790.5 |
               +--------+--------+--------+--------+--------+-----+--------+

Top non-repeatable levels by time:
     D:1: 1577 daAuts
     D:2: 4 daAuts
